Workbook

Sheet PLANILHA ORÇAMENTÁRIA
A1: PLANILHA PARA COTAÇÃO DE PREÇOS - SERVIÇOS TÉCNICOS DE ENGENHARIA E ARQUITETURA COM METODOLOGIA BIM
A2: DESCRIÇÃO | B2: UND. | C2: QTD. | D2: PREÇOS | F2: PREÇOS
D3: UNIT.(R$) | E3: TOTAL (R$) | F3: UNIT.(R$) | G3: UNIT. C/ BDI (R$) | H3: TOTAL (R$)
A4: Deslocamento técnico – até 100 km | B4: un. | C4: 20 | D4: =COTAÇÕES!D4 -> 6795.7733 | E4: =C4*D4 -> 135915.47 | F4: =ROUND(D4,2) -> 6795.77 | G4: =ROUND(F4*(1+$H$161),2) -> 8144.74 | H4: =ROUND(C4*G4,2) -> 162894.8
A5: Deslocamento técnico – de 101 a 200 km | B5: un. | C5: 20 | D5: =COTAÇÕES!D5 -> 5731.6667 | E5: =C5*D5 -> 114633.33 | F5: =ROUND(D5,2) -> 5731.67 | G5: =ROUND(F5*(1+$H$161),2) -> 6869.41 | H5: =ROUND(C5*G5,2) -> 137388.2
A6: Deslocamento técnico – de 201 a 300 km | B6: un. | C6: 20 | D6: =COTAÇÕES!D6 -> 5101.3333 | E6: =C6*D6 -> 102026.67 | F6: =ROUND(D6,2) -> 5101.33 | G6: =ROUND(F6*(1+$H$161),2) -> 6113.95 | H6: =ROUND(C6*G6,2) -> 122279
A7: Deslocamento técnico – acima de 300 km | B7: un. | C7: 10 | D7: =COTAÇÕES!D7 -> 4288.3333 | E7: =C7*D7 -> 42883.333 | F7: =ROUND(D7,2) -> 4288.33 | G7: =ROUND(F7*(1+$H$161),2) -> 5139.57 | H7: =ROUND(C7*G7,2) -> 51395.7
A8: Hospedagem técnica | B8: diária | C8: 20 | D8: =COTAÇÕES!D8 -> 1666.6667 | E8: =C8*D8 -> 33333.333 | F8: =ROUND(D8,2) -> 1666.67 | G8: =ROUND(F8*(1+$H$161),2) -> 1997.51 | H8: =ROUND(C8*G8,2) -> 39950.2
A9: Alimentação técnica (por pessoa por dia) | B9: diária | C9: 60 | D9: =COTAÇÕES!D9 -> 966.66667 | E9: =C9*D9 -> 58000 | F9: =ROUND(D9,2) -> 966.67 | G9: =ROUND(F9*(1+$H$161),2) -> 1158.55 | H9: =ROUND(C9*G9,2) -> 69513
A10: Levantamento cadastral até 400,00 m² | B10: m² | C10: 1200 | D10: =COTAÇÕES!D10 -> 11.4 | E10: =C10*D10 -> 13680 | F10: =ROUND(D10,2) -> 11.4 | G10: =ROUND(F10*(1+$H$161),2) -> 13.66 | H10: =ROUND(C10*G10,2) -> 16392
A11: Levantamento cadastral de 400,01 até 600,00 m² | B11: m² | C11: 1600 | D11: =COTAÇÕES!D11 -> 9.9733333 | E11: =C11*D11 -> 15957.333 | F11: =ROUND(D11,2) -> 9.97 | G11: =ROUND(F11*(1+$H$161),2) -> 11.95 | H11: =ROUND(C11*G11,2) -> 19120
A12: Levantamento cadastral de 600,01 a 1.000,00 m² | B12: m² | C12: 3000 | D12: =COTAÇÕES!D12 -> 8.55 | E12: =C12*D12 -> 25650 | F12: =ROUND(D12,2) -> 8.55 | G12: =ROUND(F12*(1+$H$161),2) -> 10.25 | H12: =ROUND(C12*G12,2) -> 30750
A13: Levantamento cadastral a partir de 1.000,01 m² | B13: m² | C13: 5000 | D13: =COTAÇÕES!D13 -> 7.1233333 | E13: =C13*D13 -> 35616.667 | F13: =ROUND(D13,2) -> 7.12 | G13: =ROUND(F13*(1+$H$161),2) -> 8.53 | H13: =ROUND(C13*G13,2) -> 42650
A14: Levantamento topográfico até 5,00 ha | B14: ha | C14: 15 | D14: =COTAÇÕES!D14 -> 4185.8067 | E14: =C14*D14 -> 62787.1 | F14: =ROUND(D14,2) -> 4185.81 | G14: =ROUND(F14*(1+$H$161),2) -> 5016.7 | H14: =ROUND(C14*G14,2) -> 75250.5
A15: Levantamento topográfico de 5,01 até 10,00 ha | B15: ha | C15: 30 | D15: =COTAÇÕES!D15 -> 2999.83 | E15: =C15*D15 -> 89994.9 | F15: =ROUND(D15,2) -> 2999.83 | G15: =ROUND(F15*(1+$H$161),2) -> 3595.3 | H15: =ROUND(C15*G15,2) -> 107859
... A65: Projeto de mobiliário urbano para área acima de 10.000 m² | B65: m² | C65: 80000 | D65: =COTAÇÕES!D65 -> 4.5633333 | E65: =C65*D65 -> 365066.67 | F65: =ROUND(D65,2) -> 4.56 | G65: =ROUND(F65*(1+$H$161),2) -> 5.47 | H65: =ROUND(C65*G65,2) -> 437600
A66: Projeto de Estruturas em Concreto Armado, Metálicas, ou mistas para edificações convencionais e/ou coberturas até 400,00 m² | B66: m² | C66: 1200 | D66: =COTAÇÕES!D74 -> 59.84 | E66: =C66*D66 -> 71808 | F66: =ROUND(D66,2) -> 59.84 | G66: =ROUND(F66*(1+$H$161),2) -> 71.72 | H66: =ROUND(C66*G66,2) -> 86064
A67: Projeto de Estruturas em Concreto Armado, Metálicas, ou mistas para edificações convencionais e/ou coberturas de 400,01 até 600,00 m² | B67: m² | C67: 1800 | D67: =COTAÇÕES!D75 -> 58.416667 | E67: =C67*D67 -> 105150 | F67: =ROUND(D67,2) -> 58.42 | G67: =ROUND(F67*(1+$H$161),2) -> 70.02 | H67: =ROUND(C67*G67,2) -> 126036
A68: Projeto de Estruturas em Concreto Armado, Metálicas, ou mistas para edificações convencionais e/ou coberturas de 600,01 a 1.000,00 m² | B68: m² | C68: 3000 | D68: =COTAÇÕES!D76 -> 56.993333 | E68: =C68*D68 -> 170980 | F68: =ROUND(D68,2) -> 56.99 | G68: =ROUND(F68*(1+$H$161),2) -> 68.3 | H68: =ROUND(C68*G68,2) -> 204900
A69: Projeto de Estruturas em Concreto Armado, Metálicas, ou mistas para edificações convencionais e/ou coberturas a partir de 1.000,01 m² | B69: m² | C69: 3000 | D69: =COTAÇÕES!D77 -> 55.566667 | E69: =C69*D69 -> 166700 | F69: =ROUND(D69,2) -> 55.57 | G69: =ROUND(F69*(1+$H$161),2) -> 66.6 | H69: =ROUND(C69*G69,2) -> 199800
A70: Projeto de Fundação para edificações de até 400,00 m² | B70: m² | C70: 1200 | D70: =COTAÇÕES!D78 -> 21.373333 | E70: =C70*D70 -> 25648 | F70: =ROUND(D70,2) -> 21.37 | G70: =ROUND(F70*(1+$H$161),2) -> 25.61 | H70: =ROUND(C70*G70,2) -> 30732
A71: Projeto de Fundação para edificações de 400,01 até 600,00 m² | B71: m² | C71: 1800 | D71: =COTAÇÕES!D79 -> 17.096667 | E71: =C71*D71 -> 30774 | F71: =ROUND(D71,2) -> 17.1 | G71: =ROUND(F71*(1+$H$161),2) -> 20.49 | H71: =ROUND(C71*G71,2) -> 36882
A72: Projeto de Fundação para edificações de 600,01 a 1.000,00 m² | B72: m² | C72: 3000 | D72: =COTAÇÕES!D80 -> 14.246667 | E72: =C72*D72 -> 42740 | F72: =ROUND(D72,2) -> 14.25 | G72: =ROUND(F72*(1+$H$161),2) -> 17.08 | H72: =ROUND(C72*G72,2) -> 51240
A73: Projeto de Fundação para edificações de 1.000,01 m² | B73: m² | C73: 3000 | D73: =COTAÇÕES!D81 -> 13.536667 | E73: =C73*D73 -> 40610 | F73: =ROUND(D73,2) -> 13.54 | G73: =ROUND(F73*(1+$H$161),2) -> 16.23 | H73: =ROUND(C73*G73,2) -> 48690
A74: Projeto de Estruturas em Concreto Armado, Metálicas, ou mistas para galpão industrial, ginásios, armazéns, depósitos, oficinas e assemelhados até 400,00 m² | B74: m² | C74: 1200 | D74: =COTAÇÕES!D82 -> 35.62 | E74: =C74*D74 -> 42744 | F74: =ROUND(D74,2) -> 35.62 | G74: =ROUND(F74*(1+$H$161),2) -> 42.69 | H74: =ROUND(C74*G74,2) -> 51228
A75: Projeto de Estruturas em Concreto Armado, Metálicas, ou mistas para galpão industrial, ginásios, armazéns, depósitos, oficinas e assemelhados de 400,01 até 600,00 m² | B75: m² | C75: 1800 | D75: =COTAÇÕES!D83 -> 34.196667 | E75: =C75*D75 -> 61554 | F75: =ROUND(D75,2) -> 34.2 | G75: =ROUND(F75*(1+$H$161),2) -> 40.99 | H75: =ROUND(C75*G75,2) -> 73782
A76: Projeto de Estruturas em Concreto Armado, Metálicas, ou mistas para galpão industrial, ginásios, armazéns, depósitos, oficinas e assemelhados de 600,01 a 1.000,00 m² | B76: m² | C76: 2000 | D76: =COTAÇÕES!D84 -> 32.77 | E76: =C76*D76 -> 65540 | F76: =ROUND(D76,2) -> 32.77 | G76: =ROUND(F76*(1+$H$161),2) -> 39.27 | H76: =ROUND(C76*G76,2) -> 78540
A77: Projeto de Estruturas em Concreto Armado, Metálicas, ou mistas para galpão industrial, ginásios, armazéns, depósitos, oficinas e assemelhados a partir de 1.000,01 m² | B77: m² | C77: 2000 | D77: =COTAÇÕES!D85 -> 31.346667 | E77: =C77*D77 -> 62693.333 | F77: =ROUND(D77,2) -> 31.35 | G77: =ROUND(F77*(1+$H$161),2) -> 37.57 | H77: =ROUND(C77*G77,2) -> 75140
... A114: Projeto de Instalações de Gases agentes extintores de Incêndio e sistemas até 400,00 m² | B114: m² | C114: 300 | D114: =COTAÇÕES!D122 -> 28.496667 | E114: =C114*D114 -> 8549 | F114: =ROUND(D114,2) -> 28.5 | G114: =ROUND(F114*(1+$H$161),2) -> 34.16 | H114: =ROUND(C114*G114,2) -> 10248
A115: Estudo Hidrológico e Hidráulico da bacia de até 50.000 m² | B115: m² | C115: 50000 | D115: =COTAÇÕES!D126 -> 2.5633333 | E115: =C115*D115 -> 128166.67 | F115: =ROUND(D115,2) -> 2.56 | G115: =ROUND(F115*(1+$H$161),2) -> 3.07 | H115: =ROUND(C115*G115,2) -> 153500
A116: Estudo Hidrológico e Hidráulico da bacia de 50.001 a 200.000 m² | B116: m² | C116: 150000 | D116: =COTAÇÕES!D127 -> 1.9933333 | E116: =C116*D116 -> 299000 | F116: =ROUND(D116,2) -> 1.99 | G116: =ROUND(F116*(1+$H$161),2) -> 2.39 | H116: =ROUND(C116*G116,2) -> 358500
A117: Estudo Hidrológico e Hidráulico da bacia de 200.001 a 500.000 m² | B117: m² | C117: 300000 | D117: =COTAÇÕES!D128 -> 1.9233333 | E117: =C117*D117 -> 577000 | F117: =ROUND(D117,2) -> 1.92 | G117: =ROUND(F117*(1+$H$161),2) -> 2.3 | H117: =ROUND(C117*G117,2) -> 690000
A118: Estudo Hidrológico e Hidráulico da bacia acima de 500.001 m² | B118: m² | C118: 500000 | D118: =COTAÇÕES!D129 -> 1.71 | E118: =C118*D118 -> 855000 | F118: =ROUND(D118,2) -> 1.71 | G118: =ROUND(F118*(1+$H$161),2) -> 2.05 | H118: =ROUND(C118*G118,2) -> 1025000
A119: Projeto de drenagem integrada até 5.000 m² | B119: m² | C119: 5000 | D119: =COTAÇÕES!D130 -> 7.1233333 | E119: =C119*D119 -> 35616.667 | F119: =ROUND(D119,2) -> 7.12 | G119: =ROUND(F119*(1+$H$161),2) -> 8.53 | H119: =ROUND(C119*G119,2) -> 42650
A120: Projeto de drenagem integrada de 5.001 a 10.000 m² | B120: m² | C120: 10000 | D120: =COTAÇÕES!D131 -> 5.7 | E120: =C120*D120 -> 57000 | F120: =ROUND(D120,2) -> 5.7 | G120: =ROUND(F120*(1+$H$161),2) -> 6.83 | H120: =ROUND(C120*G120,2) -> 68300
A121: Projeto de drenagem integrada de 10.001 a 20.000 m² | B121: m² | C121: 20000 | D121: =COTAÇÕES!D132 -> 4.2733333 | E121: =C121*D121 -> 85466.667 | F121: =ROUND(D121,2) -> 4.27 | G121: =ROUND(F121*(1+$H$161),2) -> 5.12 | H121: =ROUND(C121*G121,2) -> 102400
A122: Projeto de drenagem integrada acima de 20.001 m² | B122: m² | C122: 40000 | D122: =COTAÇÕES!D133 -> 2.85 | E122: =C122*D122 -> 114000 | F122: =ROUND(D122,2) -> 2.85 | G122: =ROUND(F122*(1+$H$161),2) -> 3.42 | H122: =ROUND(C122*G122,2) -> 136800
A123: Projeto de contenção até 100 metros | B123: m | C123: 500 | D123: =COTAÇÕES!D134 -> 21.373333 | E123: =C123*D123 -> 10686.667 | F123: =ROUND(D123,2) -> 21.37 | G123: =ROUND(F123*(1+$H$161),2) -> 25.61 | H123: =ROUND(C123*G123,2) -> 12805
A124: Projeto de contenção de 101 a 300 metros | B124: m | C124: 1500 | D124: =COTAÇÕES!D135 -> 19.946667 | E124: =C124*D124 -> 29920 | F124: =ROUND(D124,2) -> 19.95 | G124: =ROUND(F124*(1+$H$161),2) -> 23.91 | H124: =ROUND(C124*G124,2) -> 35865
A125: Projeto de contenção de 301 a 600 metros | B125: m | C125: 3000 | D125: =COTAÇÕES!D136 -> 18.523333 | E125: =C125*D125 -> 55570 | F125: =ROUND(D125,2) -> 18.52 | G125: =ROUND(F125*(1+$H$161),2) -> 22.2 | H125: =ROUND(C125*G125,2) -> 66600
A126: Projeto de contenção acima de 600 metros | B126: m | C126: 3000 | D126: =COTAÇÕES!D137 -> 17.096667 | E126: =C126*D126 -> 51290 | F126: =ROUND(D126,2) -> 17.1 | G126: =ROUND(F126*(1+$H$161),2) -> 20.49 | H126: =ROUND(C126*G126,2) -> 61470
... A130: EIA/RIMA para área superior a 1.000.001 m² | B130: un. | C130: 8 | D130: =COTAÇÕES!D141 -> 16661.667 | E130: =C130*D130 -> 133293.33 | F130: =ROUND(D130,2) -> 16661.67 | G130: =ROUND(F130*(1+$H$161),2) -> 19969.03 | H130: =ROUND(C130*G130,2) -> 159752.24
A131: Projeto de Geometria de Circulações Viárias de até 5.000 m² | B131: m² | C131: 5000 | D131: =COTAÇÕES!D150 -> 1.4233333 | E131: =C131*D131 -> 7116.6667 | F131: =ROUND(D131,2) -> 1.42 | G131: =ROUND(F131*(1+$H$161),2) -> 1.7 | H131: =ROUND(C131*G131,2) -> 8500
A132: Projeto de Geometria de Circulações Viárias de 5.001 a 10.000 m² | B132: m² | C132: 10000 | D132: =COTAÇÕES!D151 -> 1.2833333 | E132: =C132*D132 -> 12833.333 | F132: =ROUND(D132,2) -> 1.28 | G132: =ROUND(F132*(1+$H$161),2) -> 1.53 | H132: =ROUND(C132*G132,2) -> 15300
A133: Projeto de Geometria de Circulações Viárias de 10.001 a 20.000 m² | B133: m² | C133: 20000 | D133: =COTAÇÕES!D152 -> 1.14 | E133: =C133*D133 -> 22800 | F133: =ROUND(D133,2) -> 1.14 | G133: =ROUND(F133*(1+$H$161),2) -> 1.37 | H133: =ROUND(C133*G133,2) -> 27400
A134: Projeto de Geometria de Circulações Viárias acima de 20.001 m² | B134: m² | C134: 40000 | D134: =COTAÇÕES!D153 -> 0.99666667 | E134: =C134*D134 -> 39866.667 | F134: =ROUND(D134,2) -> 1 | G134: =ROUND(F134*(1+$H$161),2) -> 1.2 | H134: =ROUND(C134*G134,2) -> 48000
A135: Projeto de Terraplenagem de até 500 m | B135: m | C135: 10000 | D135: =COTAÇÕES!D154 -> 0.71333333 | E135: =C135*D135 -> 7133.3333 | F135: =ROUND(D135,2) -> 0.71 | G135: =ROUND(F135*(1+$H$161),2) -> 0.85 | H135: =ROUND(C135*G135,2) -> 8500
A136: Projeto de Terraplenagem de 500,01 a 1.000,00 m | B136: m | C136: 30000 | D136: =COTAÇÕES!D155 -> 0.57 | E136: =C136*D136 -> 17100 | F136: =ROUND(D136,2) -> 0.57 | G136: =ROUND(F136*(1+$H$161),2) -> 0.68 | H136: =ROUND(C136*G136,2) -> 20400
A137: Projeto de Terraplenagem acima de 1.000,01 m | B137: m | C137: 60000 | D137: =COTAÇÕES!D156 -> 0.42666667 | E137: =C137*D137 -> 25600 | F137: =ROUND(D137,2) -> 0.43 | G137: =ROUND(F137*(1+$H$161),2) -> 0.52 | H137: =ROUND(C137*G137,2) -> 31200
A138: Projeto de Pavimentação de até 500 m | B138: m | C138: 10000 | D138: =COTAÇÕES!D157 -> 2.85 | E138: =C138*D138 -> 28500 | F138: =ROUND(D138,2) -> 2.85 | G138: =ROUND(F138*(1+$H$161),2) -> 3.42 | H138: =ROUND(C138*G138,2) -> 34200
A139: Projeto de Pavimentação de 500,01 a 1.000,00 m | B139: m | C139: 30000 | D139: =COTAÇÕES!D158 -> 2.5633333 | E139: =C139*D139 -> 76900 | F139: =ROUND(D139,2) -> 2.56 | G139: =ROUND(F139*(1+$H$161),2) -> 3.07 | H139: =ROUND(C139*G139,2) -> 92100
A140: Projeto de Pavimentação acima de 1.000,01 m | B140: m | C140: 60000 | D140: =COTAÇÕES!D159 -> 2.28 | E140: =C140*D140 -> 136800 | F140: =ROUND(D140,2) -> 2.28 | G140: =ROUND(F140*(1+$H$161),2) -> 2.73 | H140: =ROUND(C140*G140,2) -> 163800
A141: Projeto de Recapamento de até 500 m | B141: m | C141: 5000 | D141: =COTAÇÕES!D160 -> 1.4233333 | E141: =C141*D141 -> 7116.6667 | F141: =ROUND(D141,2) -> 1.42 | G141: =ROUND(F141*(1+$H$161),2) -> 1.7 | H141: =ROUND(C141*G141,2) -> 8500
A142: Projeto de Recapamento de 500,01 a 1.000,00 m | B142: m | C142: 15000 | D142: =COTAÇÕES!D161 -> 1.2833333 | E142: =C142*D142 -> 19250 | F142: =ROUND(D142,2) -> 1.28 | G142: =ROUND(F142*(1+$H$161),2) -> 1.53 | H142: =ROUND(C142*G142,2) -> 22950
... A159: PGRCC - Plano de Gerenciamento de Resíduos da Construção Civil | B159: un. | C159: 30 | D159: =COTAÇÕES!D178 -> 21372 | E159: =C159*D159 -> 641160 | F159: =ROUND(D159,2) -> 21372 | G159: =ROUND(F159*(1+$H$161),2) -> 25614.36 | H159: =ROUND(C159*G159,2) -> 768430.8
A160: TOTAL GERAL C/ BDI (R$) | E160: =SUM(E4:E159) -> 20317443 | H160: =SUM(H4:H159) -> 24348519
A161: BDI | E161: =#REF! -> #REF! | H161: =BDI!C36/100 -> 0.19850083
B163: Castro, | F163: 02 de setembro de 2025
F168: Eng. Jean Carlos Moraes
F169: CREA-PR 219.082/D

Sheet COTAÇÕES
A1: PLANILHA PARA COTAÇÃO DE PREÇOS - SERVIÇOS TÉCNICOS DE ENGENHARIA E ARQUITETURA COM METODOLOGIA BIM | G1: ITPSIM | H1: GEPLAN | I1: BIM START
A2: DESCRIÇÃO | B2: UND. | C2: QTD. | D2: PREÇOS | G2: PROPOSTA | H2: PROPOSTA | I2: PROPOSTA
D3: UNIT.(R$) | E3: TOTAL (R$)
A4: Deslocamento técnico – até 100 km | B4: un. | C4: 4 | D4: =(G4+H4+I4)/3 -> 6795.7733 | E4: =C4*D4 -> 27183.093 | H4: 11092.32 | I4: 9295
A5: Deslocamento técnico – de 101 a 200 km | B5: un. | C5: 6 | D5: =(G5+H5+I5)/3 -> 5731.6667 | E5: =C5*D5 -> 34390 | H5: 8695 | I5: 8500
A6: Deslocamento técnico – de 201 a 300 km | B6: un. | C6: 4 | D6: =(G6+H6+I6)/3 -> 5101.3333 | E6: =C6*D6 -> 20405.333 | H6: 7954 | I6: 7350
A7: Deslocamento técnico – acima de 300 km | B7: un. | C7: 2 | D7: =(G7+H7+I7)/3 -> 4288.3333 | E7: =C7*D7 -> 8576.6667 | H7: 7065 | I7: 5800
A8: Hospedagem técnica | B8: diária | C8: 8 | D8: =(G8+H8+I8)/3 -> 1666.6667 | E8: =C8*D8 -> 13333.333 | H8: 2500 | I8: 2500
A9: Alimentação técnica (por pessoa por dia) | B9: diária | C9: 16 | D9: =(G9+H9+I9)/3 -> 966.66667 | E9: =C9*D9 -> 15466.667 | H9: 1400 | I9: 1500
A10: Levantamento cadastral até 400,00 m² | B10: m² | C10: 1000 | D10: =(G10+H10+I10)/3 -> 11.4 | E10: =C10*D10 -> 11400 | G10: 12.36 | H10: 10.4 | I10: 11.44
A11: Levantamento cadastral de 400,01 até 600,00 m² | B11: m² | C11: 1000 | D11: =(G11+H11+I11)/3 -> 9.9733333 | E11: =C11*D11 -> 9973.3333 | G11: 10.81 | H11: 9.1 | I11: 10.01
A12: Levantamento cadastral de 600,01 a 1.000,00 m² | B12: m² | C12: 1000 | D12: =(G12+H12+I12)/3 -> 8.55 | E12: =C12*D12 -> 8550 | G12: 9.27 | H12: 7.8 | I12: 8.58
A13: Levantamento cadastral a partir de 1.000,01 m² | B13: m² | C13: 1000 | D13: =(G13+H13+I13)/3 -> 7.1233333 | E13: =C13*D13 -> 7123.3333 | G13: 7.72 | H13: 6.5 | I13: 7.15
A14: Levantamento topográfico até 5,00 ha | B14: ha | C14: 2 | D14: =(G14+H14+I14)/3 -> 4185.8067 | E14: =C14*D14 -> 8371.6133 | G14: 4537.17 | H14: 3819.17 | I14: 4201.08
A15: Levantamento topográfico de 5,01 até 10,00 ha | B15: ha | C15: 4 | D15: =(G15+H15+I15)/3 -> 2999.83 | E15: =C15*D15 -> 11999.32 | G15: 3251.64 | H15: 2737.07 | I15: 3010.78
A16: Levantamento topográfico de 10,01 a 20,00 ha | B16: ha | C16: 3 | D16: =(G16+H16+I16)/3 -> 2441.72 | E16: =C16*D16 -> 7325.16 | G16: 2646.68 | H16: 2227.85 | I16: 2450.63
A17: Levantamento topográfico a partir de 20,01 ha | B17: ha | C17: 1 | D17: =(G17+H17+I17)/3 -> 1953.37 | E17: =C17*D17 -> 1953.37 | G17: 2117.34 | H17: 1782.27 | I17: 1960.5
A18: Mobilização e desmobilização de equipamento | B18: un. | C18: 10 | D18: =(G18+H18+I18)/3 -> 6251.3667 | E18: =C18*D18 -> 62513.667 | G18: 6776.12 | H18: 5703.8 | I18: 6274.18
A19: Sondagem SPT até 10 metros de profundidade | B19: m | C19: 300 | D19: =(G19+H19+I19)/3 -> 134.21667 | E19: =C19*D19 -> 40265 | G19: 145.48 | H19: 122.46 | I19: 134.71
A20: Sondagem SPT de 10,01 a 20 metros de profundidade | B20: m | C20: 500 | D20: =(G20+H20+I20)/3 -> 134.21667 | E20: =C20*D20 -> 67108.333 | G20: 145.48 | H20: 122.46 | I20: 134.71
A21: Sondagem SPT de 20,01 a 30 metros de profundidade | B21: m | C21: 200 | D21: =(G21+H21+I21)/3 -> 134.21667 | E21: =C21*D21 -> 26843.333 | G21: 145.48 | H21: 122.46 | I21: 134.71
... A34: Projeto Arquitetônico de Edifícios padrão galpão industrial, ginásios, armazéns, depósitos, oficinas e assemelhados a partir de 1.000,01 m² | B34: m² | C34: 2000 | D34: =(G34+H34+I34)/3 -> 25.646667 | E34: =C34*D34 -> 51293.333 | G34: 27.8 | H34: 23.4 | I34: 25.74
A35: Projeto Arquitetônico Completo – Unidade de Pronto Atendimento (UPA) ou Unidades Básicas de Atendimento (UBS) | B35: m² | C35: 2000 | D35: =(G35+H35+I35)/3 -> 34.15 | E35: =C35*D35 -> 68300 | H35: 50.45 | I35: 52
A36: Projeto de Conjunto Habitacional de Interesse Social | B36: m² | C36: 15000 | D36: =(G36+H36+I36)/3 -> 36.826667 | E36: =C36*D36 -> 552400 | H36: 58.48 | I36: 52
A37: Projetos de Infraestrutura de Loteamento (água, esgoto, energia, drenagem e pavimentação) | B37: m² | C37: 15000 | D37: =(G37+H37+I37)/3 -> 31.45 | E37: =C37*D37 -> 471750 | H37: 42.35 | I37: 52
A38: Projeto Arquitetônico de aeroportos até 400,00 m² | B38: m² | C38: 600 | D38: =(G38+H38+I38)/3 -> 25.766667 | E38: =C38*D38 -> 15460 | H38: 41.55 | I38: 35.75
A39: Projeto Arquitetônico de aeroportos de 400,01 até 600,00 m² | B39: m² | C39: 500 | D39: =(G39+H39+I39)/3 -> 23.333333 | E39: =C39*D39 -> 11666.667 | H39: 38.54 | I39: 31.46
A40: Projeto Arquitetônico de aeroportos de 600,01 a 1.000,00 m² | B40: m² | C40: 1000 | D40: =(G40+H40+I40)/3 -> 21.416667 | E40: =C40*D40 -> 21416.667 | H40: 35.65 | I40: 28.6
A41: Projeto Arquitetônico de aeroportos a partir de 1.000,01 m² | B41: m² | C41: 2000 | D41: =(G41+H41+I41)/3 -> 18.74 | E41: =C41*D41 -> 37480 | H41: 30.48 | I41: 25.74
A42: Projeto de Arquitetura reforma, revitalização e restauro de até 400,00 m² | B42: m² | C42: 600 | D42: =(G42+H42+I42)/3 -> 85.486667 | E42: =C42*D42 -> 51292 | G42: 92.66 | H42: 78 | I42: 85.8
A43: Projeto de Arquitetura reforma, revitalização e restauro de 400,01 até 600,00 m² | B43: m² | C43: 500 | D43: =(G43+H43+I43)/3 -> 78.363333 | E43: =C43*D43 -> 39181.667 | G43: 84.94 | H43: 71.5 | I43: 78.65
A44: Projeto de Arquitetura reforma, revitalização e restauro de 600,01 a 1.000,00 m² | B44: m² | C44: 1000 | D44: =(G44+H44+I44)/3 -> 71.24 | E44: =C44*D44 -> 71240 | G44: 77.22 | H44: 65 | I44: 71.5
A45: Projeto de Arquitetura reforma, revitalização e restauro a partir de 1.000,01 m² | B45: m² | C45: 2000 | D45: =(G45+H45+I45)/3 -> 68.39 | E45: =C45*D45 -> 136780 | G45: 74.13 | H45: 62.4 | I45: 68.64
A46: Projeto de Arquitetura de Interiores / Layouts até 400,00 m² | B46: m² | C46: 600 | D46: =(G46+H46+I46)/3 -> 284.96 | E46: =C46*D46 -> 170976 | G46: 308.88 | H46: 260 | I46: 286
A47: Projeto de Arquitetura de Interiores / Layouts de 400,01 até 600,00 m² | B47: m² | C47: 500 | D47: =(G47+H47+I47)/3 -> 256.46333 | E47: =C47*D47 -> 128231.67 | G47: 277.99 | H47: 234 | I47: 257.4
A48: Projeto de Arquitetura de Interiores / Layouts de 600,01 a 1.000,00 m² | B48: m² | C48: 1000 | D48: =(G48+H48+I48)/3 -> 235.09333 | E48: =C48*D48 -> 235093.33 | G48: 254.83 | H48: 214.5 | I48: 235.95
A49: Projeto de Arquitetura de Interiores / Layouts a partir de 1.000,01 m² | B49: m² | C49: 2000 | D49: =(G49+H49+I49)/3 -> 170.97667 | E49: =C49*D49 -> 341953.33 | G49: 185.33 | H49: 156 | I49: 171.6
A50: Projeto de Acessibilidade de até 400,00 m² | B50: m² | C50: 600 | D50: =(G50+H50+I50)/3 -> 11.4 | E50: =C50*D50 -> 6840 | G50: 12.36 | H50: 10.4 | I50: 11.44
A51: Projeto de Acessibilidade de 400,01 até 600,00 m² | B51: m² | C51: 500 | D51: =(G51+H51+I51)/3 -> 10.686667 | E51: =C51*D51 -> 5343.3333 | G51: 11.58 | H51: 9.75 | I51: 10.73
A52: Projeto de Acessibilidade de 600,01 a 1.000,00 m² | B52: m² | C52: 1000 | D52: =(G52+H52+I52)/3 -> 9.9733333 | E52: =C52*D52 -> 9973.3333 | G52: 10.81 | H52: 9.1 | I52: 10.01
A53: Projeto de Acessibilidade a partir de 1.000,01 m² | B53: m² | C53: 2000 | D53: =(G53+H53+I53)/3 -> 9.2633333 | E53: =C53*D53 -> 18526.667 | G53: 10.04 | H53: 8.45 | I53: 9.3
... A61: Projeto de Urbanismo de 60.000,01 a 80.000 m² | B61: m² | C61: 80000 | D61: =(G61+H61+I61)/3 -> 9.9733333 | E61: =C61*D61 -> 797866.67 | G61: 10.81 | H61: 9.1 | I61: 10.01
A62: Projeto de mobiliário urbano para área até 2.500 m² | B62: m² | C62: 20000 | D62: =(G62+H62+I62)/3 -> 4.5633333 | E62: =C62*D62 -> 91266.667 | H62: 6.54 | I62: 7.15
A63: Projeto de mobiliário urbano para área de 2.501 a 5.000 m² | B63: m² | C63: 40000 | D63: =(G63+H63+I63)/3 -> 4.5633333 | E63: =C63*D63 -> 182533.33 | H63: 6.54 | I63: 7.15
A64: Projeto de mobiliário urbano para área de 5.001 a 10.000 m² | B64: m² | C64: 60000 | D64: =(G64+H64+I64)/3 -> 4.5633333 | E64: =C64*D64 -> 273800 | H64: 6.54 | I64: 7.15
A65: Projeto de mobiliário urbano para área acima de 10.000 m² | B65: m² | C65: 80000 | D65: =(G65+H65+I65)/3 -> 4.5633333 | E65: =C65*D65 -> 365066.67 | H65: 6.54 | I65: 7.15
A66: Projeto de impermeabilização até 400,00 m² | B66: m² | C66: 600 | D66: =(G66+H66+I66)/3 -> 7.1233333 | E66: =C66*D66 -> 4274 | G66: 7.72 | H66: 6.5 | I66: 7.15
A67: Projeto de impermeabilização de 400,01 a 600,00 m² | B67: m² | C67: 500 | D67: =(G67+H67+I67)/3 -> 6.4133333 | E67: =C67*D67 -> 3206.6667 | G67: 6.95 | H67: 5.85 | I67: 6.44
A68: Projeto de impermeabilização de 600,01 a 1.000,00 m² | B68: m² | C68: 1000 | D68: =(G68+H68+I68)/3 -> 5.7 | E68: =C68*D68 -> 5700 | G68: 6.18 | H68: 5.2 | I68: 5.72
A69: Projeto de impermeabilização acima de 1.000,01 m² | B69: m² | C69: 2000 | D69: =(G69+H69+I69)/3 -> 4.99 | E69: =C69*D69 -> 9980 | G69: 5.41 | H69: 4.55 | I69: 5.01
A70: Projeto de Aprovação na Prefeitura até 400,00 m² | B70: m² | C70: 300 | D70: =(G70+H70+I70)/3 -> 56.993333 | E70: =C70*D70 -> 17098 | G70: 61.78 | H70: 52 | I70: 57.2
A71: Projeto de Aprovação na Prefeitura de 400,01 até 600,00 m² | B71: m² | C71: 500 | D71: =(G71+H71+I71)/3 -> 42.743333 | E71: =C71*D71 -> 21371.667 | G71: 46.33 | H71: 39 | I71: 42.9
A72: Projeto de Aprovação na Prefeitura de 600,01 a 1.000,00 m² | B72: m² | C72: 1000 | D72: =(G72+H72+I72)/3 -> 39.893333 | E72: =C72*D72 -> 39893.333 | G72: 43.24 | H72: 36.4 | I72: 40.04
A73: Projeto de Aprovação na Prefeitura a partir de 1.000,01 m² | B73: m² | C73: 2000 | D73: =(G73+H73+I73)/3 -> 35.62 | E73: =C73*D73 -> 71240 | G73: 38.61 | H73: 32.5 | I73: 35.75
A74: Projeto de Estruturas em Concreto Armado, Metálicas, ou mistas para edificações convencionais e/ou coberturas até 400,00 m² | B74: m² | C74: 300 | D74: =(G74+H74+I74)/3 -> 59.84 | E74: =C74*D74 -> 17952 | G74: 64.86 | H74: 54.6 | I74: 60.06
A75: Projeto de Estruturas em Concreto Armado, Metálicas, ou mistas para edificações convencionais e/ou coberturas de 400,01 até 600,00 m² | B75: m² | C75: 500 | D75: =(G75+H75+I75)/3 -> 58.416667 | E75: =C75*D75 -> 29208.333 | G75: 63.32 | H75: 53.3 | I75: 58.63
A76: Projeto de Estruturas em Concreto Armado, Metálicas, ou mistas para edificações convencionais e/ou coberturas de 600,01 a 1.000,00 m² | B76: m² | C76: 1000 | D76: =(G76+H76+I76)/3 -> 56.993333 | E76: =C76*D76 -> 56993.333 | G76: 61.78 | H76: 52 | I76: 57.2
A77: Projeto de Estruturas em Concreto Armado, Metálicas, ou mistas para edificações convencionais e/ou coberturas a partir de 1.000,01 m² | B77: m² | C77: 2000 | D77: =(G77+H77+I77)/3 -> 55.566667 | E77: =C77*D77 -> 111133.33 | G77: 60.23 | H77: 50.7 | I77: 55.77
... A137: Projeto de contenção acima de 600 metros | B137: m | C137: 500 | D137: =(G137+H137+I137)/3 -> 17.096667 | E137: =C137*D137 -> 8548.3333 | G137: 18.53 | H137: 15.6 | I137: 17.16
A138: EIA/RIMA para empreendimento com área afetada até 100.000 m² | B138: un. | C138: 2 | D138: =(G138+H138+I138)/3 -> 23316.667 | E138: =C138*D138 -> 46633.333 | H138: 34950 | I138: 35000
A139: EIA/RIMA para área de 100.001 a 500.000 m² | B139: un. | C139: 4 | D139: =(G139+H139+I139)/3 -> 21552.667 | E139: =C139*D139 -> 86210.667 | H139: 32658 | I139: 32000
A140: EIA/RIMA para área de 500.001 a 1.000.000 m² | B140: un. | C140: 5 | D140: =(G140+H140+I140)/3 -> 19532.667 | E140: =C140*D140 -> 97663.333 | H140: 30548 | I140: 28050
A141: EIA/RIMA para área superior a 1.000.001 m² | B141: un. | C141: 8 | D141: =(G141+H141+I141)/3 -> 16661.667 | E141: =C141*D141 -> 133293.33 | H141: 26985 | I141: 23000
A142: Projeto de Estação de Tratamento de Esgoto (ETE) para rede de até 2 km | B142: km | C142: 2000 | D142: =(G142+H142+I142)/3 -> 569.92 | E142: =C142*D142 -> 1139840 | G142: 617.76 | H142: 520 | I142: 572
A143: Projeto de Estação de Tratamento de Esgoto (ETE) para rede de 2,01 a 5 km | B143: km | C143: 5000 | D143: =(G143+H143+I143)/3 -> 541.42333 | E143: =C143*D143 -> 2707116.7 | G143: 586.87 | H143: 494 | I143: 543.4
A144: Projeto de Estação de Tratamento de Esgoto (ETE) para rede de 5,01 a 10 km | B144: km | C144: 10000 | D144: =(G144+H144+I144)/3 -> 455.93667 | E144: =C144*D144 -> 4559366.7 | G144: 494.21 | H144: 416 | I144: 457.6
A145: Projeto de Estação de Tratamento de Esgoto (ETE) para rede acima de 10,01 km | B145: km | C145: 20000 | D145: =(G145+H145+I145)/3 -> 356.2 | E145: =C145*D145 -> 7124000 | G145: 386.1 | H145: 325 | I145: 357.5
A146: Projeto de Estação de Tratamento de Água (ETA) de até 2 km | B146: km | C146: 2000 | D146: =(G146+H146+I146)/3 -> 783.64 | E146: =C146*D146 -> 1567280 | G146: 849.42 | H146: 715 | I146: 786.5
A147: Projeto de Estação de Tratamento de Água (ETA) para rede de 2,01 a 5 km | B147: km | C147: 5000 | D147: =(G147+H147+I147)/3 -> 740.89667 | E147: =C147*D147 -> 3704483.3 | G147: 803.09 | H147: 676 | I147: 743.6
A148: Projeto de Estação de Tratamento de Água (ETA) para rede de 5,01 a 10 km | B148: km | C148: 10000 | D148: =(G148+H148+I148)/3 -> 683.90333 | E148: =C148*D148 -> 6839033.3 | G148: 741.31 | H148: 624 | I148: 686.4
A149: Projeto de Estação de Tratamento de Água (ETA) para rede acima de 10,01 km | B149: km | C149: 20000 | D149: =(G149+H149+I149)/3 -> 569.92 | E149: =C149*D149 -> 11398400 | G149: 617.76 | H149: 520 | I149: 572
A150: Projeto de Geometria de Circulações Viárias de até 5.000 m² | B150: m² | C150: 5000 | D150: =(G150+H150+I150)/3 -> 1.4233333 | E150: =C150*D150 -> 7116.6667 | G150: 1.54 | H150: 1.3 | I150: 1.43
A151: Projeto de Geometria de Circulações Viárias de 5.001 a 10.000 m² | B151: m² | C151: 10000 | D151: =(G151+H151+I151)/3 -> 1.2833333 | E151: =C151*D151 -> 12833.333 | G151: 1.39 | H151: 1.17 | I151: 1.29
A152: Projeto de Geometria de Circulações Viárias de 10.001 a 20.000 m² | B152: m² | C152: 20000 | D152: =(G152+H152+I152)/3 -> 1.14 | E152: =C152*D152 -> 22800 | G152: 1.24 | H152: 1.04 | I152: 1.14
A153: Projeto de Geometria de Circulações Viárias acima de 20.001 m² | B153: m² | C153: 40000 | D153: =(G153+H153+I153)/3 -> 0.99666667 | E153: =C153*D153 -> 39866.667 | G153: 1.08 | H153: 0.91 | I153: 1
... A182: Compatibilização de projetos com área a partir de 1.000,01 m² | B182: m² | C182: 2000 | D182: =(G182+H182+I182)/3 -> 10.686667 | E182: =C182*D182 -> 21373.333 | G182: 11.58 | H182: 9.75 | I182: 10.73
A183: Relatório inicial - Planejamento | B183: MÊS | C183: 108 | D183: =(G183+H183+I183)/3 -> 77556.663 | E183: =C183*D183 -> 8376119.6 | H183: 116350 | I183: 116319.99
A184: Relatório de gestão de apoio técnico ao gerenciamento e fiscalização | B184: MÊS | C184: 108 | D184: =(G184+H184+I184)/3 -> 113817.69 | E184: =C184*D184 -> 12292310 | H184: 170965 | I184: 170488.06
A185: Relatório de gerenciamento e fiscalização - obras civis e de infraestrutura | B185: MÊS | C185: 108 | D185: =(G185+H185+I185)/3 -> 36558.473 | E185: =C185*D185 -> 3948315.1 | H185: 54684 | I185: 54991.42
A186: Relatório de gerenciamento e fiscalização - obras instalações hidrossanitárias e ppci | B186: MÊS | C186: 108 | D186: =(G186+H186+I186)/3 -> 30521.953 | E186: =C186*D186 -> 3296371 | H186: 45968 | I186: 45597.86
A187: Relatório de gerenciamento e fiscalização - obras elétricas | B187: MÊS | C187: 108 | D187: =(G187+H187+I187)/3 -> 30521.953 | E187: =C187*D187 -> 3296371 | H187: 45968 | I187: 45597.86
A188: Relatório de gerenciamento e fiscalização - obras mecânicas | B188: MÊS | C188: 108 | D188: =(G188+H188+I188)/3 -> 30521.953 | E188: =C188*D188 -> 3296371 | H188: 45968 | I188: 45597.86
A189: Relatório final - Entrega da Obra | B189: MÊS | C189: 108 | D189: =(G189+H189+I189)/3 -> 74242.16 | E189: =C189*D189 -> 8018153.3 | H189: 116350 | I189: 106376.48
A190: TOTAL GERAL S/ BDI (R$) | E190: =SUM(E4:E189) -> 93733762
A191: BDI | E191: =BDI!C36/100 -> 0.19850083
A192: TOTAL GERAL C/ BDI (R$) | E192: =(E190*E191)+E190 -> 1.1233999e+08

Sheet BDI
B2: PLANILHA DE COMPOSIÇÃO DO BDI | C2: 0 | D2: 0 | E2: 0 | F2: 0
B5: Proponente/Tomador: | C5: 0 | D5: 0 | E5: 0 | F5: 0
B6: MUNICÍPIO DE CASTRO | C6: 0 | D6: 0 | E6: 0 | F6: 0
B8: Município/UF: | C8: 0 | D8: 0 | E8: 0 | F8: 0
B9: CASTRO/PR | C9: 0 | D9: 0 | E9: 0 | F9: 0
B11: Nº do CT: | C11: 0 | D11: 0 | E11: 0 | F11: 0
B12: XXXX.XXX-XX/20XX | C12: 0 | D12: 0 | E12: 0 | F12: 0
B14: Empreendimento: | C14: 0 | D14: 0 | E14: 0 | F14: 0
B15: SERVIÇOS TÉCNICOS DE ENGENHARIA E ARQUITETURA COM METODOLOGIA BIM | C15: 0 | D15: 0 | E15: 0 | F15: 0
B18: COMPONENTE | C18: FAIXA DE ADMISSIBILIDADE | F18: VALOR PROPOSTO (%)
C19: 1° QUARTIL (%) | D19: MÉDIO (%) | E19: 3° QUARTIL (%)
B20: Administração Central (AC) | C20: 3 | D20: 4 | E20: 5.5 | F20: 3
B21: Seguro e Garantia (S+G) | C21: 0.8 | D21: 0.8 | E21: 1 | F21: 0.8
B22: Risco (R) | C22: 0.97 | D22: 1.27 | E22: 1.27 | F22: 0.97
B23: Despesas Financeiras (DF) | C23: 0.59 | D23: 1.23 | E23: 1.39 | F23: 0.59
B24: Lucro (L) | C24: 6.16 | D24: 7.4 | E24: 8.96 | F24: 6.16
B25: Tributos (I) | C25: Conforme legislação específica | F25: =SUM(F26:F29) -> 11.15
B26: PIS | C26: Conforme legislação específica | F26: 0.65
B27: COFINS | C27: Conforme legislação específica | F27: 3
B28: ISSQN | C28: Conforme legislação específica | F28: 3
B29: Contribuição Previdenciária | C29: Lei da Desoneração (4,50%) lei n. 13.161/15 | F29: 4.5
B31: Equação para cálculo do percentual do BDI conforme Acórdão TCU 2622/2013: | C31: 0 | D31: 0 | E31: 0 | F31: 0
B36: BDI sem desoneração(%) | C36: =((((1+(F20/100)+(F21/100)+(F22/100))*(1+(F23/100))*(1+(F24/100)))/(1-(SUM(F26:F28)/100)))-1)*100 -> 19.850083 | D36: BDI com desoneração (%) | F36: =((((1+(F20/100)+(F21/100)+(F22/100))*(1+(F23/100))*(1+(F24/100)))/(1-(F25/100)))-1)*100 -> 25.920149
B38: Local/Data:
B39: Castro/PR 02 de Setembro de 2025
B44: Responsável Técnico/Assinatura:
B45: Jean Carlos Moraes
B47: Registro CREA:
B48: 219.082/D
B50: Nº da ART:
B51: XXXXXXXXXXX
